 Dungeon Crawl Stone Soup version 0.19.1 (webtiles) character file.

98 Leibowitz the Cutter (level 4, -4/37 HPs)
             Began as a Demigod Gladiator on Nov 25, 2016.
             Killed by divine providence
             ... invoked by an orc priest
              (11 damage)
             ... on level 4 of the Dungeon.
             The game lasted 00:05:21 (2833 turns).

Leibowitz the Cutter (Demigod Gladiator)            Turns: 2833, Time: 00:05:28

Health: -4/37      AC:  6    Str: 18    XL:     4   Next: 21%
Magic:  6/6        EV: 13    Int: 12    God:
Gold:   193        SH:  0    Dex: 18    Spells: 0 memorised, 3 levels left

rFire  . . .     SeeInvis .     a - +0 rapier
rCold  . . .     Gourm    .     b - +0 leather armour
rNeg   . . .     Faith    .     (no shield)
rPois  .         Spirit   .     c - +0 helmet
rElec  .         Reflect  .     v - +0 cloak
rCorr  .         Harm     .     o - +0 pair of gloves (curse)
MR     .....                    (no boots)
Stlth  +++.......               (no amulet)
                                (no ring)
                                j - ring of stealth

@: no status effects
A: high mp 1
a: no special abilities


You were on level 4 of the Dungeon.
You were not hungry.

You visited 1 branch of the dungeon, and saw 4 of its levels.

You collected 193 gold pieces.

Inventory:

Hand Weapons
 a - a +0 rapier (weapon)
Missiles
 d - 3 throwing nets (quivered)
Armour
 b - a +0 leather armour (worn)
 c - a +0 helmet (worn)
 o - a cursed +0 pair of gloves (worn)
 v - a +0 cloak (worn)
Jewellery
 j - a ring of stealth (left hand)
Scrolls
 e - 2 scrolls of fog {unknown}
 g - 4 scrolls of teleportation {unknown}
 h - 6 scrolls of identify {unknown}
 i - 2 scrolls of enchant armour {unknown}
 k - 2 scrolls of remove curse {unknown}
 l - a scroll of amnesia {unknown}
 u - a scroll of blinking {unknown}
 w - a scroll of immolation {unknown}
Potions
 m - 2 potions of curing
 n - a potion of mutation {unknown}
 p - a potion of degeneration {unknown}
 t - a potion of magic {unknown}
Comestibles
 f - 3 bread rations
 q - 2 meat rations
 r - a slice of pizza
 s - a beef jerky
 x - 2 chunks of flesh


   Skills:
 * Level 2.3 Fighting
 + Level 3.4 Short Blades
 + Level 1.9 Throwing
 + Level 0.3 Armour
 * Level 3.2 Dodging
 * Level 1.7 Stealth


You had 3 spell levels left.
You didn't know any spells.

Dungeon Overview and Level Annotations

Branches:
Dungeon (4/15)
 Temple: D:4-7


Innate Abilities, Weirdness & Mutations

You have an increased reservoir of magic. (+10% MP)


Message History

An orc comes into view. It is wielding a war axe.
You completely miss the orc wizard.
The orc wizard is moderately wounded.
The orc misses you. The orc wizard closely misses you.
An orc priest comes into view. It is wielding a flail.
You hit the orc wizard.
The orc wizard is heavily wounded.
The orc priest calls upon Beogh to heal the orc wizard.
The orc wizard is healed somewhat.
The orc priest moves out of view.
The orc barely misses you.
The orc wizard hits you but does no damage.
The orc priest casts a cantrip, but nothing happens.
The orc wizard shouts!
It was a potion of curing.
You feel better. The orc misses you.
The orc wizard hits you with a dagger of electrocution.
You are electrocuted!
* * * LOW HITPOINT WARNING * * *
The orc priest calls down the wrath of Beogh upon you.
Beogh smites you!
You die...

##### #.... #...# #.#.. #...#
##### #....
####...#####...###### #....
.........>.........# #.#.#
.....###.#....###.# #.#.#
.######....##.#.......(# #....
.....o.....##@o...#....# #....
....o.......##o####.######....
o..o........#.o....[..#.....(.
.o............o....##.#.##....
##.........#..o.......#.#.....
#.?......###........#........(
##.?.....# ##.##..............
#......### #..##.......##.#..
#...... ##.#.......###.#..


You could see 2 orc priests, an orc wizard and 2 orcs.

Vanquished Creatures
  2 adders (D:3)
  An ooze (D:4)
  4 worms
  2 dart slugs
  A leopard gecko (D:3)
  An orc (D:3)
  8 bats
  6 goblins
  5 hobgoblins
  8 jackals (D:2)
  3 kobolds
  2 quokkas (D:4)
  6 frilled lizards
  7 rats
56 creatures vanquished.

Notes
Turn   | Place    | Note
-------+----------+-------------------------------------------
     0 | D:1      | Leibowitz the Demigod Gladiator began the quest for the Orb.
     0 | D:1      | Reached XP level 1. HP: 17/17 MP: 3/3
   361 | D:1      | Reached XP level 2. HP: 22/24 MP: 4/4
  1005 | D:2      | Found a bloodstained altar of Trog.
  1195 | D:2      | Reached XP level 3. HP: 22/29 MP: 5/5
  1653 | D:3      | Reached skill level 1 in Stealth
  2435 | D:3      | Reached XP level 4. HP: 37/37 MP: 6/6
  2686 | D:4      | Found a snail-covered altar of Cheibriados.
  2833 | D:4      | Killed from afar by an orc priest

Skill      XL: |  1  2  3 |
---------------+----------+-----
Fighting       | 2 |  2.3
Short Blades   | 3 |  3.4
Dodging        | 3 |  3.2
Stealth        | 1 |  1.7
Throwing       | |  1.9
Armour         | |  0.3

Action                   |  1- 3 |  4- 6 || total
-------------------------+-------+-------++-------
Melee: Rapier            |   151 |    29 ||   180
  Use: Potion            |       |     1 ||     1
 Stab: Sleeping          |    10 |     3 ||    13
  Eat: Chunk             |     5 |     1 ||     6
Armor: Leather armour    |    40 |     7 ||    47
Dodge: Dodged            |    84 |    20 ||   104
